 Dungeon Crawl Stone Soup version 0.19.1 (console) character file.

28 Jesseh the Chiller (level 3, 0/24 HPs)
             Began as a Merfolk Ice Elementalist on Nov 24, 2016.
             Slain by a bat (1 damage)
             ... on level 1 of the Dungeon.
             The game lasted 00:04:48 (827 turns).

Jesseh the Chiller (Merfolk Ice Elementalist)        Turns: 827, Time: 00:04:49

Health: 0/24       AC:  2    Str: 11    XL:     3   Next: 14%
Magic:  7/7        EV: 13    Int: 14    God:
Gold:   22         SH:  0    Dex: 15    Spells: 1 memorised, 6 levels left

rFire  . . .     SeeInvis .     l - +0 dagger
rCold  + . .     Gourm    .     a - +0 robe
rNeg   . . .     Faith    .     (no shield)
rPois  .         Spirit   .     (helmet restricted)
rElec  .         Reflect  .     (no cloak)
rCorr  .         Harm     .     (no gloves)
MR     .....                    (no boots)
Stlth  ++........               m - amulet of inaccuracy (curse)
                                (no ring)
                                j - +3 ring of strength

@: no status effects
A: change form in water, swift swim, stealthy swim, horns 1, cold resistance 1,
no device heal 1
a: no special abilities


You were on level 1 of the Dungeon.
You were not hungry.

You visited 1 branch of the dungeon, and saw 1 of its levels.

You collected 22 gold pieces.

Inventory:

Hand Weapons
 k - a +0 club
   (You took it off a hobgoblin on level 1 of the Dungeon)
 l - a +0 dagger (weapon)
   (You took it off a kobold on level 1 of the Dungeon)
Armour
 a - a +0 robe (worn)
Jewellery
 j - a +3 ring of strength (left hand)
   (You found it on level 1 of the Dungeon)
 m - a cursed amulet of inaccuracy (around neck)
   (You found it on level 1 of the Dungeon)
Scrolls
 d - a scroll of random uselessness {unknown}
 e - a scroll of identify
 i - a scroll of teleportation {unknown}
 n - a scroll of magic mapping {unknown}
Books
 b - a book of Frost
Comestibles
 c - a bread ration
 f - 2 meat rations


   Skills:
 - Level 2.6 Dodging
 - Level 2.1 Stealth
 * Level 2.7 Spellcasting
   Level 0.7 Conjurations
 + Level 3.9 Ice Magic


You had 6 spell levels left.
You knew the following spells:

 Your Spells              Type           Power        Failure   Level  Hunger
a - Freeze                Ice            ##..         4%          1    #......


Dungeon Overview and Level Annotations

Branches:
Dungeon (1/15)

Altars:


Innate Abilities, Weirdness & Mutations

You revert to your normal form in water.
You are very nimble and swift while swimming.
You are very stealthy in the water. (Stealth+)
You have a pair of small horns on your head.
Your flesh is cold resistant. (rC+)
Potions and wands are less effective at restoring your health.


Message History

The bat closely misses you. The bat hits you but does no damage.
The bat barely misses you. The bat closely misses you. The bat misses you.
The bat barely misses you. The bat hits you but does no damage.
The bat hits you. x2
The bat barely misses you. The bat hits you. The bat barely misses you.
The bat hits you. The bat closely misses you. The bat hits you.
The bat barely misses you. The bat misses you. The bat completely misses you.
The bat hits you but does no damage. The bat barely misses you.
The bat closely misses you. x2; The bat barely misses you.
The bat misses you. The bat barely misses you. The bat closely misses you.
The bat barely misses you. The bat hits you but does no damage.
The bat barely misses you. The bat hits you but does no damage. x2
The bat misses you. The bat barely misses you.
The bat hits you but does no damage. The bat barely misses you.
The bat closely misses you. The bat closely misses you. The bat hits you.
The bat barely misses you. The bat completely misses you. The bat misses you.
The bat hits you but does no damage. The bat closely misses you.
The bat hits you but does no damage. The bat barely misses you.
The bat hits you. The bat hits you but does no damage.
The bat hits you but does no damage. The bat barely misses you.
The bat hits you.
The bat closely misses you. x2; The bat hits you.
The bat closely misses you. The bat barely misses you. The bat misses you.
The bat hits you but does no damage. The bat barely misses you.
The bat hits you but does no damage. The bat barely misses you. x2
The bat hits you but does no damage. x2
The bat hits you but does no damage. x2
The bat hits you. x2
The bat closely misses you. The bat hits you but does no damage.
The bat misses you. The bat closely misses you.
The bat hits you but does no damage. The bat hits you.
The bat barely misses you. The bat hits you but does no damage.
The bat closely misses you. The bat hits you. The bat hits you.
The bat barely misses you. The bat closely misses you.
The bat barely misses you. The bat hits you.
The bat hits you but does no damage. The bat misses you.
The bat barely misses you. The bat barely misses you.
The bat hits you but does no damage. The bat hits you. The bat hits you.
* * * LOW HITPOINT WARNING * * *
The bat hits you but does no damage. The bat hits you.
* * * LOW HITPOINT WARNING * * *
The bat hits you.
* * * LOW HITPOINT WARNING * * *
The bat hits you but does no damage. The bat misses you.
The bat hits you but does no damage. The bat closely misses you.
The bat barely misses you. The bat hits you but does no damage.
The bat hits you but does no damage. The bat closely misses you.
The bat hits you but does no damage. The bat hits you but does no damage.
The bat barely misses you. The bat hits you but does no damage.
The bat hits you.
* * * LOW HITPOINT WARNING * * *
The bat barely misses you. The bat barely misses you.
The bat hits you but does no damage. The bat closely misses you.
The bat hits you but does no damage. The bat barely misses you.
The bat closely misses you. The bat hits you but does no damage.
The bat hits you but does no damage. The bat closely misses you.
The bat closely misses you. The bat hits you but does no damage.
The bat closely misses you. The bat closely misses you.
The bat barely misses you. The bat completely misses you.
The bat hits you but does no damage.
The bat closely misses you. x2; The bat hits you but does no damage.
The bat hits you but does no damage. The bat hits you.
* * * LOW HITPOINT WARNING * * *
The bat hits you.
* * * LOW HITPOINT WARNING * * *
The bat barely misses you. The bat misses you. The bat hits you.
* * * LOW HITPOINT WARNING * * *
The bat hits you.
* * * LOW HITPOINT WARNING * * *
The bat misses you. x2
The bat hits you but does no damage. x2
The bat misses you. The bat closely misses you. The bat barely misses you.
The bat hits you but does no damage. The bat misses you. The bat hits you.
* * * LOW HITPOINT WARNING * * *
The bat closely misses you. The bat hits you.
* * * LOW HITPOINT WARNING * * *
The bat hits you but does no damage. The bat hits you.
* * * LOW HITPOINT WARNING * * *
The bat hits you but does no damage. The bat misses you. x2
The bat closely misses you. The bat misses you. The bat barely misses you.
The bat hits you.
* * * LOW HITPOINT WARNING * * *
The bat hits you.
You die...

▒▒▒▒
▒▒▒▒▒▒..▒▒▒▒▒▒▒
..........mb..▒
........▒▒▒▒▒.▒
...▒▒▒..▒▒▒▒▒.▒
▒..▒▒...
▒▒▒..▒▒.▒
▒.......▒▒▒▒
.....▒..▒..▒▒.▒
.▒...>..▒..▒▒.▒
▒...▒..▒..▒▒.▒▒▒


You could see a bat.

Vanquished Creatures
  2 dart slugs (D:1)
  A leopard gecko (D:1)
  A giant cockroach (D:1)
  6 hobgoblins (D:1)
  3 bats (D:1)
  3 frilled lizards (D:1)
  2 kobolds (D:1)
  6 rats (D:1)
24 creatures vanquished.

Notes
Turn   | Place    | Note
-------+----------+-------------------------------------------
     0 | D:1      | Jesseh the Merfolk Ice Elementalist began the quest for the Orb.
     0 | D:1      | Reached XP level 1. HP: 13/13 MP: 3/3
   193 | D:1      | Reached XP level 2. HP: 9/19 MP: 0/5
   416 | D:1      | Reached XP level 3. HP: 11/24 MP: 0/7
   743 | D:1      | Gained mutation: Your flesh is cold resistant. (rC+) [potion of mutation]
   743 | D:1      | Gained mutation: You have a pair of small horns on your head. [potion of mutation]
   743 | D:1      | Gained mutation: Potions and wands are less effective at restoring your health. [potion of mutation]
   814 | D:1      | HP: 6/24 [bat (1)]
   821 | D:1      | HP: 3/24 [bat (1)]
   826 | D:1      | HP: 1/24 [bat (1)]
   827 | D:1      | Slain by a bat

Action                   || total
-------------------------++-------
Melee: Unarmed           ||     8
       Dagger            ||    18
       Club              ||     2
 Cast: Freeze            ||    30
  Use: Scroll            ||     1
       Potion            ||     1
Armor: Robe              ||    55
Dodge: Dodged            ||   140

Vault maps used:
D:1:      dpeg_arrival_central, st_stairs_1

Table legend:
 A = Turns spent in this place as a percentage of turns spent in the entire game.
 B = Non-inter-level travel turns spent in this place as a percentage of non-inter-level travel turns spent in the entire game.
 C = Inter-level travel turns spent in this place as a percentage of turns spent in this place.
 D = Turns resting spent in this place as a percentage of non-inter-level travel turns spent in this place.
 E = Turns spent auto-exploring this place as a percentage of non-inter-level travel turns spent in this place.
 F = Non-inter-level travel turns spent in this place divided by the number of levels of this place that you've seen.
                   A       B       C       D       E      F
               +-------+-------+-------+-------+-------+----------------------
         Total | 100.0 | 100.0 |   0.0 |   2.1 |   4.6 | 389.0
       Dungeon | 100.0 | 100.0 |   0.0 |   2.1 |   4.6 | 389.0
               +-------+-------+-------+-------+-------+----------------------

Table legend:
 A = Kills in this place as a percentage of kills in entire the game.
 B = Kills by you in this place as a percentage of kills by you in the entire game.
 C = Kills by friends in this place as a percentage of kills by friends in the entire game.
 D = Other kills in this place as a percentage of other kills in the entire game.
 E = Experience gained in this place as a percentage of experience gained in the entire game.
 F = Experience gained in this place divided by the number of levels of this place that you have seen.
                   A       B       C       D       E      F
               +-------+-------+-------+-------+-------+----------------------
         Total | 100.0 | 100.0 |  -nan |  -nan | 100.0 |  41.0
       Dungeon | 100.0 | 100.0 |  -nan |  -nan | 100.0 |  41.0
               +-------+-------+-------+-------+-------+----------------------
